 Dungeon Crawl Stone Soup version 0.19.0-16-g73b5abf (webtiles) character file.

32 BadBadger the Sneak (level 3, -1/19 HPs)
             Began as a Kobold Enchanter on Nov 10, 2016.
             Slain by an adder (2 damage)
             ... on level 1 of the Dungeon.
             The game lasted 00:04:53 (1485 turns).

BadBadger the Sneak (Kobold Enchanter)              Turns: 1485, Time: 00:04:53

Health: -1/19      AC:  3    Str:  5    XL:     3   Next: 42%
Magic:  6/6        EV: 15    Int: 17    God:
Gold:   11         SH:  0    Dex: 15    Spells: 2 memorised, 3 levels left

rFire  . . .     SeeInvis .     a - +1 dagger
rCold  . . .     Gourm    .     b - +1 robe
rNeg   . . .     Faith    .     (shield restricted)
rPois  .         Spirit   .     (no helmet)
rElec  .         Reflect  .     (no cloak)
rCorr  .         Harm     .     (no gloves)
MR     .....                    (no boots)
Stlth  +++.......               (no amulet)
                                (no ring)
                                (no ring)

@: lethally poisoned (-1 -> -2)
A: carnivore 3
a: no special abilities


You were on level 1 of the Dungeon.
You were full.

You visited 1 branch of the dungeon, and saw 2 of its levels.

You collected 11 gold pieces.

Inventory:

Hand Weapons
 a - a +1 dagger (weapon)
Missiles
 j - 2 needles of confusion
Armour
 b - a +1 robe (worn)
Jewellery
 e - an uncursed ring of protection from magic {unknown}
Scrolls
 f - 2 scrolls of identify {unknown}
 g - a scroll of teleportation {unknown}
 h - a scroll of remove curse {unknown}
Books
 c - a book of Maledictions

   Spells                             Type                      Level
   a - Corona                         Hexes                        1
   b - Ensorcelled Hibernation        Hexes/Ice                    2
   c - Confuse                        Hexes                        3
   d - Tukima's Dance                 Hexes                        3
   e - Dazzling Spray                 Conjuration/Hexes            3
Comestibles
 d - 3 meat rations
 i - a beef jerky


   Skills:
 + Level 2.6 Short Blades
 - Level 2.4 Dodging
 + Level 5.3 Stealth
 - Level 2.1 Spellcasting
 - Level 3.0 Hexes


You had 3 spell levels left.
You knew the following spells:

 Your Spells              Type           Power        Failure   Level  Hunger
a - Corona                Hex            ##.....      6%          1    #......
b - Ensorcelled Hibernat  Hex/Ice        #.....       17%         2    ###....


Dungeon Overview and Level Annotations

Branches:
Dungeon (2/15)

Altars:
The Shining One


Innate Abilities, Weirdness & Mutations

You are small and have problems with some larger weapons.
You are carnivorous and can eat meat at any time.


Message History

The adder is moderately wounded.
The adder closely misses you.
You hit the adder.
The adder is heavily wounded.
The adder completely misses you. The adder misses you.
You miss the adder.
The adder is heavily wounded.
The adder misses you.
You hit the adder.
The adder is heavily wounded.
* * * LOW HITPOINT WARNING * * *
You feel sick. The adder bites you.
* * * LOW HITPOINT WARNING * * *
You hit the adder.
The adder is heavily wounded.
The adder closely misses you.
You hit the adder.
The adder is severely wounded.
The adder bites you.
You die...

......##
#....###........#####.##
.......# #....#
#......#....รท...# .......#
#....# #.####.#######...
.......##########.##
#....####.##
.............)..#..#
####..J.#.##
.......#....###.##.# ####.#.##
.......#'##.# #.##.# #....#
..>....#.##.# #..#.# ###...
(#######+#######@#.## #.#.
.#.............#S#..## #.#.
.#.###########.#.##..# #...
##..#.......#..#.###.## ####
##.#.#######.#.#......##
##.##.......##.#..##...####
##.#.###+###.#.##..#......##
##.#.#.....#.#.###.##.###..###
##.#.#.....#.#.###.##..###...#


You could see an adder.

Vanquished Creatures
  An ooze (D:1)
  A dart slug (D:1)
  A leopard gecko (D:1)
  3 bats (D:1)
  A goblin (D:1)
  4 hobgoblins (D:1)
  3 jackals (D:1)
  4 kobolds (D:1)
  2 frilled lizards (D:1)
  2 rats (D:1)
22 creatures vanquished.

Notes
Turn   | Place    | Note
-------+----------+-------------------------------------------
     0 | D:1      | BadBadger the Kobold Enchanter began the quest for the Orb.
     0 | D:1      | Reached XP level 1. HP: 10/10 MP: 3/3
   273 | D:1      | Reached XP level 2. HP: 1/15 MP: 5/5
   775 | D:1      | Learned a level 2 spell: Ensorcelled Hibernation
   898 | D:1      | Reached XP level 3. HP: 11/19 MP: 4/6
  1186 | D:1      | Reached skill level 5 in Stealth
  1218 | D:1      | Found a glowing golden altar of the Shining One.
  1485 | D:1      | Slain by an adder

Skill      XL: |  1  2  3 |
---------------+----------+-----
Short Blades   | 2 |  2.6
Stealth        | 5 |  5.3
Dodging        | |  2.4
Spellcasting   | |  2.1
Hexes          | |  3.0

Action                   || total
-------------------------++-------
Melee: Dagger            ||   167
 Cast: Corona            ||     5
       Ensorcelled Hiber ||     1
  Use: Potion            ||     1
 Stab: Sleeping          ||     3
  Eat: Chunk             ||     7
Armor: Robe              ||    29
Dodge: Dodged            ||   121
